 Dungeon Crawl Stone Soup version 0.26-a0-690-gcb57259078 (webtiles) character file.

Game seed: 9476609682007162355

549 dickylongcocking the Purveyor of Pain (level 7, -4/55 HPs)
             Began as a Demonspawn Necromancer on Oct 25, 2020.
             Was an Initiate of Kikubaaqudgha.
             Slain by a gnoll
             ... wielding a +0 whip
              (8 damage)
             ... on level 4 of the Dungeon.
             The game lasted 00:04:49 (5559 turns).

dickylongcocking the Purveyor of Pain (DsNe)        Turns: 5559, Time: 00:04:49

Health: -4/55      AC:  7    Str:  8    XL:     7   Next: 7%
Magic:  2/10       EV: 11    Int: 19    God:    Kikubaaqudgha [......]
Gold:   154        SH:  0    Dex: 13    Spells: 9/10 levels left

rFire    . . .     SeeInvis .   u - +0 dagger (flame)
rCold    . . .     Faith    .   (no shield)
rNeg     . . .     Spirit   .   m - +0 leather armour
rPois    .         Reflect  .   (helmet restricted)
rElec    .         Harm     .   l - +0 cloak
rCorr    +         Rampage  .   (no gloves)
MR       .....                  (no boots)
Stlth    ++........             s - amulet of magic regeneration
HPRegen  0.18/turn              q - ring of resist corrosion
MPRegen  0.37/turn              (no ring)

@: no status effects
A: antennae 1, molten scales 2
a: Renounce Religion


You were on level 4 of the Dungeon.
You worshipped Kikubaaqudgha.
Kikubaaqudgha was noncommittal.
You visited 2 branches of the dungeon, and saw 5 of its levels.

You collected 154 gold pieces.

Inventory:

Hand Weapons
 d - a +0 dagger
 u - a +0 dagger of flaming (weapon)
Armour
 a - a +0 robe
 l - a +0 cloak (worn)
 m - a +0 leather armour (worn)
 v - a +0 helmet
Jewellery
 e - an uncursed amulet of faith
 q - a ring of resist corrosion (left hand)
 s - an amulet of magic regeneration (around neck)
Scrolls
 b - a scroll of blinking {unknown}
 g - 2 scrolls of enchant armour {unknown}
 h - 2 scrolls of fog {unknown}
 i - 12 scrolls of identify {unknown}
 k - 4 scrolls of amnesia {unknown}
 n - 4 scrolls of remove curse {unknown}
 o - 3 scrolls of teleportation {unknown}
 p - 2 scrolls of magic mapping {unknown}
 t - a scroll of immolation {unknown}
Potions
 f - a potion of brilliance
 j - a potion of flight


   Skills:
 * Level 4.6 Fighting
 - Level 1.7 Dodging
 - Level 1.7 Stealth
 - Level 2.0 Spellcasting
 * Level 7.7 Necromancy


You had 9 spell levels left.
You knew the following spells:

 Your Spells              Type           Power        Failure   Level
a - Pain                  Necr           ####         1%          1

Your spell library contained the following spells:

 Spells                   Type           Power        Failure   Level
 Animate Skeleton         Necr           ####..       1%          1
 Vampiric Draining        Necr           ####......   3%          3
 Animate Dead             Necr           ####......   10%         4
 Agony                    Necr           ####....     28%         5


Dungeon Overview and Level Annotations

Branches:
Dungeon (4/15)             Temple (1/1) D:4

Altars:
Ashenzari
Cheibriados
Dithmenos
Elyvilon
Fedhas
Gozag
Hepliaklqana
Kikubaaqudgha
Makhleb
Nemelex Xobeh
Okawaru
Qazlal
Ru
Sif Muna
Trog
Uskayaw
Vehumet
Xom
Yredelemnul
Zin
The Shining One


Innate Abilities, Weirdness & Mutations

You have a pair of small antennae on your head.
You are mostly covered in molten scales. (AC +3)


Message History

The giant cockroach writhes in agony!
You kill the giant cockroach!
Kikubaaqudgha accepts your kill.
Unknown command.
Casting: Pain (safe; 1% risk of failure)
Confirm with . or Enter, or press ? or * to list all spells.
You don't have enough magic to cast that spell.
Unknown command.
You barely miss the gnoll. The gnoll closely misses you.
You hit the gnoll but do no damage. The gnoll hits you with a +0 whip!
* * * LOW HITPOINT WARNING * * *
You hit the gnoll. You burn the gnoll.
The gnoll is moderately wounded.
The gnoll hits you with a +0 whip.
* * * LOW HITPOINT WARNING * * *
Unknown command.
Unknown command.
The gnoll hits you with a +0 whip!
You die...
Kikubaaqudgha rasps: "You have failed me!
Welcome... death!"

#..............
###.........###
##[##.##.###
#####(##....).######
#....[.............$
##.#.)..............
#####...##............#
>..##...#.#.........?#
##.##....#.##...@..##.#
#........##.#...g#w##
###......#.#.#..#)#.#
##......#.##..##)#{
##......##....##.......
#.....................
#.....................
#......##....##...[...
....# ##.. #......


You could see a worm (wandering) and a gnoll.

Vanquished Creatures
  A phantom (D:4)
  An ogre (D:4)
  A bullfrog (D:3)
  A hound (D:4)
  A gnoll shaman (D:4)
  3 orc wizards (D:4)
  2 gnolls (D:4)
  4 adders
  3 worms
  2 dart slugs
  3 leopard geckos
  13 orcs
  12 bats
  5 giant cockroaches
  6 hobgoblins
  9 jackals
  7 kobolds
  2 quokkas
  3 frilled lizards (D:1)
  4 goblins
  10 rats
93 creatures vanquished.

Notes
Turn   | Place    | Note
-------+----------+-------------------------------------------
     0 | D:1      | dickylongcocking the Demonspawn Necromancer began the quest
                  | for the Orb.
     0 | D:1      | Reached XP level 1. HP: 13/13 MP: 3/3
   411 | D:1      | Gained mutation: You are partially covered in molten
                  | scales. (AC +2) [demonic ancestry]
   411 | D:1      | Reached XP level 2. HP: 13/19 MP: 0/5
   541 | D:1      | Reached skill level 5 in Necromancy
  1630 | D:2      | Reached XP level 3. HP: 24/24 MP: 4/6
  2718 | D:2      | Reached skill level 1 in Fighting
  3032 | D:3      | Reached XP level 4. HP: 27/32 MP: 1/7
  3370 | D:3      | Reached skill level 6 in Necromancy
  3840 | D:3      | Noticed a bullfrog
  4035 | D:3      | Killed a bullfrog
  4035 | D:3      | Gained mutation: You have a pair of small antennae on your
                  | head. [demonic ancestry]
  4035 | D:3      | Reached XP level 5. HP: 10/39 MP: 1/8
  4598 | D:4      | Reached XP level 6. HP: 16/47 MP: 2/9
  4915 | D:4      | Reached skill level 7 in Necromancy
  5014 | D:4      | Found a sparkling altar of Nemelex Xobeh.
  5079 | D:4      | Found a staircase to the Ecumenical Temple.
  5261 | Temple   | Entered the Ecumenical Temple
  5475 | Temple   | Became a worshipper of Kikubaaqudgha
  5546 | D:4      | Gained mutation: You are mostly covered in molten scales.
                  | (AC +3) [demonic ancestry]
  5546 | D:4      | Reached XP level 7. HP: 27/55 MP: 3/10
  5559 | D:4      | Slain by a gnoll

Illustrated notes

Levels and vault maps discovered:
D:1:      wander_arrival_estate, layout_basic
D:2:      layout_loops_corners
D:3:      layout_basic, kennysheep_cross_room
D:4:      layout_rooms, minmay_temple_entry_large_hall,
          minmay_misc_feat_secret_circle, nemelex_diamond_rough_becter
Temple:   kilobyte_greek_temple

Skill      XL: |  1  2  3  4  5  6 |
---------------+-------------------+-----
Necromancy     | 5 6 7 |  7.7
Fighting       | 1 2 3 4 |  4.6
Dodging        | |  1.7
Stealth        | |  1.7
Spellcasting   | |  2.0

Action                   |  1- 3 |  4- 6 |  7- 9 || total
-------------------------+-------+-------+-------++-------
Melee: Dagger            |    37 |    87 |     3 ||   127
 Cast: Pain              |    76 |    86 |     7 ||   169
Evoke: Wand              |       |     5 |     3 ||     8
  Use: Potion            |       |     6 |       ||     6
 Stab: Sleeping          |       |     5 |       ||     5
       Invisible         |       |     1 |       ||     1
Armor: Robe              |     2 |       |       ||     2
       Leather armour    |    32 |    62 |     1 ||    95
Dodge: Dodged            |    64 |   102 |     4 ||   170

Table legend: (Time is in decaauts)
 A = Elapsed time spent in this place.
 B = Non-inter-level travel time spent in this place.
 C = Inter-level travel time spent in this place.
 D = Time resting spent in this place.
 E = Time spent auto-exploring this place.
 F = Levels seen in this place.
 G = Mean time per level.
                   A        B        C        D        E       F      G
               +--------+--------+--------+--------+--------+-----+--------+
         Total |   5560 |   5310 |    250 |   1343 |   3268 |   5 | 1112.0 |
       Dungeon |   5309 |   5094 |    215 |   1221 |   3183 |   4 | 1327.2 |
        Temple |    250 |    215 |     35 |    122 |     85 |   1 |  250.0 |
               +--------+--------+--------+--------+--------+-----+--------+

Top non-repeatable levels by time:
     D:3: 1513 daAuts
     D:2: 1461 daAuts
     D:1: 1438 daAuts
     D:4: 895 daAuts
  Temple: 250 daAuts
